 Dungeon Crawl Stone Soup version 0.31.0-12-g77e489cdc1 (webtiles) character file.

Game seed: 5218360892269602485

69 Gadfly the Sneak (level 4, -3/21 HPs)
             Began as a Spriggan Enchanter on Feb 16, 2024.
             Was an Initiate of Gozag.
             Killed from afar by a steam dragon (24 damage)
             ... with a ball of steam
             ... on level 4 of the Dungeon on Feb 17, 2024.
             The game lasted 00:05:20 (3274 turns).

Gadfly the Sneak (Spriggan Enchanter)               Turns: 3274, Time: 00:05:21

Health: -3/21      AC:  3    Str:  4    XL:     4   Next: 2%
Magic:  9/9        EV: 18    Int: 16    God:    Gozag
Gold:   119        SH:  0    Dex: 17    Spells: 4/9 levels left

rFire   . . .        a - +2 dagger
rCold   . . .        (no shield)
rNeg    . . .        g - +0 robe
rPois   +            (helmet restricted)
rElec   .            h - +0 cloak
rCorr   .            (gloves unavailable)
SInv    +            (boots unavailable)
Will    .....        (no amulet)
Stlth   +++          l - ring of poison resistance
HPRegen 0.23/turn    (no ring)
MPRegen 0.11/turn

%: no passive effects
@: very quick
A: very small, no large weapons, unfitting armour, see invisible, speed 3
a: Renounce Religion, Potion Petition, Call Merchant, Bribe Branch


You were on level 4 of the Dungeon.
You worshipped Gozag.
Gozag was aware of your devotion.
You visited 1 branch of the dungeon, and saw 4 of its levels.

You collected 155 gold pieces.
You paid 36 gold pieces to Gozag.

Inventory:

Hand Weapons
 a - a +2 dagger (weapon)
 b - a +0 vampiric short sword
 k - the +5 mace "Byucroof" {flame, rC- Will+ Dex+3}
   (You found it on level 2 of the Dungeon)

   Dex+3:     It affects your dexterity (+3).
   rC-:       It makes you vulnerable to cold.
   Will+:     It increases your willpower.
Armour
 g - a +0 robe (worn)
 h - a +0 cloak (worn)
Jewellery
 l - a ring of poison resistance (left hand)
Scrolls
 d - a scroll of teleportation
Potions
 c - 4 potions of invisibility
 e - a potion of enlightenment
 f - a potion of berserk rage
 i - a potion of haste {unknown}
 j - 4 potions of curing
 m - a potion of might


   Skills:
 + Level 0.9 Fighting
 + Level 2.0 Short Blades
 + Level 3.2 Dodging
 + Level 5.0 Stealth
 + Level 3.2 Spellcasting
 + Level 4.0 Hexes
 + Level 1.3 Evocations


You had 4 spell levels left.
You knew the following spells:

 Your Spells              Type           Power      Damage    Failure   Level
a - Ensorcelled Hibernat  Hex/Ice        16%        N/A       12%         2
b - Confusing Touch       Hex            15%        N/A       11%         3

Your spell library contained the following spells:

 Spells                   Type           Power      Damage    Failure   Level
 Tukima's Dance           Hex            15%        N/A       11%         3
 Dazzling Flash           Conj/Hex       16%        N/A       24%         3
 Volatile Blastmotes      Fire/Tloc      4%         2d10      50%         3
 Starburst                Conj/Fire      1%         6d3       100%        6
 Maxwell's Capacitive Co  Air            1%         ∞         100%        8


Dungeon Overview and Level Annotations

Branches:
Dungeon (4/15)
 Temple: D:4-7

Altars:
Gozag
Ru

Shops:
D:3 [


Innate Abilities, Weirdness & Mutations

You are very small and have problems with some larger weapons.
You are too small for most types of armour.
You have supernaturally acute eyesight. (SInv)
You cover ground extremely quickly. (Speed+++)


Message History

Unknown command.
You start waiting.
You feel your anger nearly subside.
You are no longer berserk.
You are exhausted.
You feel yourself slow down.
You start waiting.
You feel yourself speed up.
It was a potion of might.
You feel very mighty all of a sudden.
You start waiting.
You recover from your berserk rage.
You start waiting.
You feel a little less mighty now.
You start waiting.
Done waiting.
Okay, then.
Okay, then.
Search for what [Enter for "alt", or ? for help]? bra Done exploring.
Done exploring.
Done exploring.
Search for what [Enter for "bra", or ? for help]?
You have 119 gold pieces.
Search for what [Enter for "bra", or ? for help]?
Done exploring.
There's nothing to open nearby.
There is a stone staircase leading up here.
There is a stone staircase leading down here.
You climb downwards.
There is a stone staircase leading up here.
A steam dragon is nearby!
A steam dragon is nearby!
The steam dragon hisses angrily.
A steam dragon is nearby!
A jackal comes into view.
The steam dragon breathes steam at you. The ball of steam hits you!!
Ouch! That really hurt!
You die...
Your body crumbles into a pile of gold.

###########
#####...D......
#......@....#
#.###<#####h#
#.# #.# ... ...
#####


You could see a steam dragon (catching breath) and a jackal (wandering).

Vanquished Creatures
  An adder (D:3)
  2 dart slugs
  5 ribbon worms
  3 orcs (D:3)
  2 ball pythons (D:2)
  5 endoplasms
  3 giant cockroaches
  2 goblins (D:2)
  8 bats
  3 frilled lizards
  4 kobolds
  5 rats
43 creatures vanquished.

Notes
Turn   | Place    | Note
-------+----------+-------------------------------------------
     0 | D:1      | Gadfly the Spriggan Enchanter began the quest for the Orb.
     0 | D:1      | Reached XP level 1. HP: 9/9 MP: 5/5
   349 | D:1      | Reached XP level 2. HP: 13/13 MP: 6/6
   352 | D:1      | Learned a level 2 spell: Ensorcelled Hibernation
  1244 | D:2      | You fall into a shaft and drop 1 floor!
  1626 | D:2      | Reached XP level 3. HP: 17/17 MP: 5/8
  1724 | D:2      | Identified the +5 mace "Byucroof" {flame, rC- Will+ Dex+3}
  1735 | D:2      | Found a faded altar of an unknown god.
  1950 | D:2      | Reached skill level 1 in Evocations
  2101 | D:2      | Learned a level 3 spell: Confusing Touch
  2448 | D:3      | Found Opuottut's Antique Armour Boutique.
  2514 | D:3      | Reached skill level 5 in Stealth
  2619 | D:3      | Found an opulent altar of Gozag.
  2695 | D:3      | Became a worshipper of Gozag Ym Sagoz the Greedy
  2802 | D:3      | Found a sacrificial altar of Ru.
  2926 | D:3      | Reached XP level 4. HP: 21/21 MP: 6/9
  3272 | D:4      | Noticed a steam dragon
  3274 | D:4      | Killed from afar by a steam dragon

Illustrated notes

Levels and vault maps discovered:
D:1:      matt_arrival_los_fun, layout_loops_ring
D:2:      layout_loops_corners, basic_ecumenical_altar, kennysheep_minor_cross
D:3:      layout_loops_corners, nicolae_ru_path_of_blood,
          nicolae_gozag_cash_rules_everything_around_me, serial_shops,
          nicolae_shop_tiny_real_fake_doors, amcnicky_mini_pool_small
D:4:      layout_loops_ring, mainiacjoe_overflow_six_doors_small, kennysheep_nub

Skill      XL: |  1  2  3 |
---------------+----------+-----
Dodging        | 3 |  3.2
Spellcasting   | 3 |  3.2
Evocations     | 1 |  1.3
Short Blades   | 2 |  2.0
Stealth        | 5 |  5.0
Hexes          | 4 |  4.0
Fighting       | |  0.9

Action                     |  1- 3 |  4- 6 || total
---------------------------+-------+-------++-------
  Melee: Dagger            |   105 |     1 ||   106
         Punch             |     3 |       ||     3
         Short sword       |     9 |       ||     9
   Cast: Ensorcelled Hiber |    19 |       ||    19
    Use: Scroll            |     5 |       ||     5
         Potion            |     1 |     2 ||     3
   Stab: Sleeping          |    19 |     1 ||    20
 Armour: Robe              |    29 |     1 ||    30
  Dodge: Dodged            |    72 |       ||    72
